 Dungeon Crawl Stone Soup version 0.16-a0-4113-g7d8e295 (webtiles) character file.

86 Charly the Ruffian (level 4, -1/35 HPs)
             Began as a Centaur Transmuter on Feb 28, 2015.
             Slain by a giant gecko (3 damage)
             ... on level 3 of the Dungeon.
             The game lasted 00:14:52 (1145 turns).

Charly the Ruffian (Centaur Transmuter)             Turns: 1145, Time: 00:14:52

Health: -1/35      AC:  4    Str: 12    XL:     4   Next: 27%
Magic:  1/5        EV:  9    Int: 13    God:
Gold:   104        SH:  0    Dex:  7    Spells: 3 memorised, 0 levels left

rFire  . . .     SeeInvis .       - Unarmed
rCold  . . .     Clarity  .     c - +0 robe
rNeg   . . .     SustAb   .     (no shield)
rPois  .         Gourm    .     (no helmet)
rElec  .         Spirit   .     (no cloak)
rCorr  .         Warding  .     (no gloves)
rMut   .         Stasis   .     (no barding)
MR     .....                    (no amulet)
Stlth  +.........               (no ring)
                                k - -3 ring of dexterity (curse)

@: very quick, not resistant to hostile enchantments, very unstealthy
A: hooves 3, deformed body, speed 2, tough skin 3
a: no special abilities


You were on level 3 of the Dungeon.
You were near starving.

You visited 1 branch of the dungeon, and saw 4 of its levels.

You collected 104 gold pieces.

Inventory:

Hand weapons
 b - a +0 hunting sling
Missiles
 g - 12 sling bullets of flame
 l - 23 arrows
Armour
 c - a +0 robe (worn)
Jewellery
 k - a cursed -3 ring of dexterity (left hand)
Scrolls
 f - 3 scrolls of identify
 j - a scroll of recharging
Potions
 e - a potion of lignification
 h - a potion of ambrosia {unknown}
 m - a potion of curing
Books
 d - a book of Changes

   Spells                             Type                      Level
   a - Beastly Appendage              Transmutation                1
   b - Sticks to Snakes               Transmutation                2
   c - Spider Form                    Transmutation/Poison         3
   d - Ice Form                       Ice/Transmutation            4
   e - Blade Hands                    Transmutation                5
Comestibles
 a - 3 bread rations


   Skills:
 - Level 1.0 Fighting
 - Level 1.3 Dodging
 * Level 4.4 Unarmed Combat
 - Level 1.5 Spellcasting
 + Level 2.7 Transmutations
 + Level 0.2 Poison Magic


You couldn't memorise any spells.
You knew the following spells:

 Your Spells              Type           Power        Failure   Level  Hunger
b - Beastly Appendage     Trmt           #.....       10%         1    ##.....
s - Sticks to Snakes      Trmt           #.........   14%         2    ###....
S - Spider Form           Trmt/Pois      #.........   52%         3    ####...


Dungeon Overview and Level Annotations

Branches:
Dungeon (4/15)
 Temple: D:4-7

Altars:


Innate Abilities, Weirdness & Mutations

You have hooves in place of feet.
Armour fits poorly on your strangely shaped body.
You cover ground very quickly.
You have extremely tough skin (AC +3).


Message History

Your ball python constricts the hound.
The hound escapes!
You see here 10 gold pieces.
Unknown command.
There is a stone staircase leading up here.
You climb upwards.
There is a stone staircase leading down here.
As you open the door, it creaks loudly!
A giant gecko comes into view.
You miss the giant gecko. The giant gecko barely misses you.
You closely miss the giant gecko. Your kick misses the giant gecko.
The giant gecko barely misses you.
You barely miss the giant gecko.
The giant gecko bites you but does no damage.
The giant gecko bites you.
* * * LOW HITPOINT WARNING * * *
You hit the giant gecko. Your kick misses the giant gecko.
The giant gecko is heavily wounded.
The giant gecko bites you.
You die...

#.# #.# #####+#+## ###.# #
........###<#.# ... .......
#....# ..... ..... #....#
..... ... #....#....>.
#l#+###....#......
#@................
########...####+#)######.
...........# #.#.#
###########..####.#.######.
...........>........<......
########...###...(........#
#...# #............# #...#
#........(...# #...#
#.............


You could see a giant gecko.

Vanquished Creatures
  2 worms (D:2)
  3 giant geckos (D:1)
  An orc (D:3)
  2 ball pythons
  8 bats
  A giant cockroach (D:2)
  2 hobgoblins
  3 jackals (D:2)
  4 kobolds
  2 giant newts
  8 goblins
  5 rats
41 creatures vanquished.

Vanquished Creatures (collateral kills)
  Robin (D:2)
  2 adders (D:3)
  A worm (D:2)
  A hobgoblin (D:2)
  2 jackals (D:4)
7 creatures vanquished.

Grand Total: 48 creatures vanquished

Notes
Turn   | Place    | Note
--------------------------------------------------------------
     0 | D:1      | Charly, the Centaur Transmuter, began the quest for the Orb.
     0 | D:1      | Reached XP level 1. HP: 16/16 MP: 2/2
   144 | D:1      | Reached XP level 2. HP: 11/23 MP: 1/3
   149 | D:1      | Learned a level 2 spell: Sticks to Snakes
   397 | D:2      | Reached skill level 4 in Unarmed Combat
   397 | D:2      | Reached XP level 3. HP: 17/28 MP: 1/5
   475 | D:2      | Noticed Robin
   570 | D:2      | Killed Robin
   729 | D:3      | Reached XP level 4. HP: 7/35 MP: 1/5
   864 | D:3      | Learned a level 3 spell: Spider Form
  1090 | D:4      | HP: 1/35 [hound (1)]
  1145 | D:3      | Slain by a giant gecko

Action                   |  1- 3 |  4- 6 || total
-------------------------+-------+-------++-------
Melee: Unarmed           |   119 |    36 ||   155
 Fire: Hunting sling     |     1 |     2 ||     3
 Cast: Beastly Appendage |    14 |     3 ||    17
       Sticks to Snakes  |     6 |     5 ||    11
  Use: Scroll            |     5 |       ||     5
